 Dungeon Crawl Stone Soup version 0.19.3-1-g3169bf9 (console) character file.

16149 Kloppie the Cleaver (level 12, 0/94 HPs)
             Began as a Formicid Fighter on Jan 25, 2017.
             Was an Elder of Makhleb.
             Slain by a six-headed hydra (4 damage)
             ... on level 2 of the Lair of Beasts.
             The game lasted 00:17:36 (11103 turns).

Kloppie the Cleaver (Formicid Fighter)             Turns: 11103, Time: 00:17:37

Health: 0/94       AC: 21    Str: 21    XL:     12   Next: 66%
Magic:  12/12      EV:  7    Int:  9    God:    Makhleb [****..]
Gold:   692        SH: 17    Dex: 14    Spells: 0 memorised, 11 levels left

rFire  . . .     SeeInvis +     b - +3 flail
rCold  + . .     Gourm    .     q - +2 plate armour {rC+}
rNeg   . . .     Faith    .     c - +0 shield
rPois  +         Spirit   .     (helmet unavailable)
rElec  .         Reflect  +     (no cloak)
rCorr  .         Harm     .     o - +2 pair of gloves
MR     ++...     Clarity  +     p - +0 pair of boots
Stlth  ..........               G - +5 amulet of reflection
                                v - +4 ring of slaying
                                s - ring of poison resistance

@: no status effects
A: permanent stasis, dig shafts and tunnels, four strong arms, antennae 3,
clarity, magic resistance 1, wild magic 1
a: Dig, Shaft Self, Minor Destruction, Lesser Servant of Makhleb, Major
Destruction, Renounce Religion


You were on level 2 of the Lair of Beasts.
You worshipped Makhleb.
Makhleb was greatly pleased with you.
You were not hungry.

You visited 3 branches of the dungeon, and saw 13 of its levels.

You collected 692 gold pieces.

Inventory:

Hand Weapons
 a - a +1 war axe
 b - a +3 flail (weapon)
 x - the +2 long sword of Defilement {freeze, rElec MR+}
   (You found it on level 9 of the Dungeon)

   It has been specially enchanted to freeze those struck by it, causing extra
   injury to most foes and up to half again as much damage against particularly
   susceptible opponents.
   It can also slow down cold-blooded creatures.
   It insulates you from electricity.
   It affects your resistance to hostile enchantments.
Armour
 c - a +0 shield (worn)
 o - a +2 pair of gloves (worn)
 p - a +0 pair of boots (worn)
 q - a +2 plate armour of cold resistance (worn)
Jewellery
 s - a ring of poison resistance (left hand)
 v - a +4 ring of slaying (right hand)
 G - a +5 amulet of reflection (around neck)
 J - a cursed amulet of inaccuracy {unknown}
Wands
 i - a wand of digging (18/24)
 w - a wand of lightning (7/15)
 C - a wand of polymorph (11/24)
 E - a wand of slowing (24/48)
 F - a wand of paralysis (14/24)
 H - a wand of flame (16/48)
Scrolls
 e - 3 scrolls of noise
 g - 17 scrolls of remove curse
 k - 4 scrolls of magic mapping
 t - a scroll of holy word {unknown}
 y - a scroll of fear
 I - 2 scrolls of identify
Potions
 h - a potion of magic
 j - 2 potions of brilliance
 l - 3 potions of flight
 B - a potion of cure mutation
Books
 d - a book of Conjurations

   Spells                             Type                      Level
   a - Magic Dart                     Conjuration                  1
   b - Searing Ray                    Conjuration                  2
   c - Dazzling Spray                 Conjuration/Hexes            3
   d - Fulminant Prism                Conjuration/Hexes            4
   e - Iskenderun's Mystic Blast      Conjuration                  4
   f - Iskenderun's Battlesphere      Conjuration/Charms           5
Comestibles
 f - 13 bread rations
 m - 6 meat rations
 r - 19 fruits
 u - 12 chunks of flesh
 A - 4 beef jerkies
 D - a slice of pizza


   Skills:
 - Level 8.3 Fighting
 + Level 13.6 Axes
 + Level 10.9 Armour
 - Level 10.0 Shields


You had 11 spell levels left.
You didn't know any spells.

Dungeon Overview and Level Annotations

Branches:
Dungeon (10/15)            Temple (1/1) D:4            Lair (2/6) D:8
    Orc (0/2) D:10
  Swamp: Lair:2-4    Shoals: Lair:2-4     Snake: Lair:2-4    Spider: Lair:2-4

Altars:
Ashenzari
Cheibriados
Dithmenos
Elyvilon
Fedhas
Gozag
Hepliaklqana
Kikubaaqudgha
Makhleb
Nemelex Xobeh
Okawaru
Qazlal
Ru
Sif Muna
Trog
Uskayaw
Vehumet
Xom
Yredelemnul
Zin
The Shining One

Shops:
D:9 :


Innate Abilities, Weirdness & Mutations

You are under a permanent stasis effect.
You can dig through walls and to a lower floor.
Your four strong arms can wield two-handed weapons with a shield.
You have a pair of large antennae on your head. (SInv)
You possess an exceptional clarity of mind.
You are resistant to hostile enchantments. (MR+)
Your spells are a little harder to cast, but a little more powerful.


Message History

You block the six-headed hydra's attack.
The six-headed hydra bites you but does no damage. x2
You block the six-headed hydra's attack.
The six-headed hydra bites you but does no damage.
You sock the six-headed hydra!
The six-headed hydra is severely wounded.
The six-headed hydra closely misses you.
You block the six-headed hydra's attack. x2
The six-headed hydra bites you but does no damage. x3
You thump the six-headed hydra!
The six-headed hydra is severely wounded.
You block the six-headed hydra's attack.
The six-headed hydra bites you.
* * * LOW HITPOINT WARNING * * *
The six-headed hydra bites you.
* * * LOW HITPOINT WARNING * * *
The six-headed hydra bites you but does no damage.
You block the six-headed hydra's attack.
The six-headed hydra bites you.
You die...

♣..♣#♣..♣♣..♣.♣.♣
♣♣.♣ ♣..♣
♣♣..♣♣♣♣♣..♣ ♣♣♣
..♣ ♣♣......♣♣..♣
♣♣ ♣♣♣♣♣..♣ ♣.♣
#''### .♣ {
#†...# #....#
#.####....#
#...D@....#
########### {{ {
{ { {


You could see a six-headed hydra.

Vanquished Creatures
  A hydra (Lair:1)
  A catoblepas (Lair:2)
  2 hill giants
  Joseph (D:8)
  2 spiny frogs (Lair:2)
  3 komodo dragons
  2 trolls (D:10)
  A two-headed ogre (D:9)
  A hornet (Lair:1)
  5 hippogriffs
  5 blink frogs (Lair:2)
  8 yaks (D:10)
  2 spriggans
  A wyvern (D:10)
  2 hungry ghosts
  A basilisk (Lair:1)
  3 swamp worms (D:10)
  3 water moccasins (Lair:1)
  2 porcupines (Lair:2)
  Menkaure (D:4)
  6 orc warriors
  2 phantoms
  3 ice beasts
  4 sky beasts
  3 black bears
  8 ogres
  4 wolves (Lair:1)
  5 centaurs
  3 crocodiles
  A big kobold (D:10)
  4 bullfrogs
  3 gnoll sergeants (D:10)
  A water moccasin skeleton (D:9)
  2 scorpions
  5 wights (D:7)
  The ghost of Yarinad the Skirmisher, a weakling HuAK of Lugonu (D:3)
  18 killer bees
  2 howler monkeys (D:6)
  2 centaur zombies
  A bullfrog zombie (D:4)
  A quasit (D:9)
  2 jellies
  An orc priest (D:4)
  7 hounds
  2 bullfrog skeletons
  A centaur skeleton (D:8)
  3 iguanas
  14 worker ants
  5 orc wizards
  4 hound zombies
  A hound skeleton (D:6)
  Robin (D:2)
  A worker ant zombie (D:4)
  10 gnolls
  4 adders
  2 shadow imps
  An ooze (D:1)
  2 adder zombies (D:4)
  2 adder skeletons
  20 worms
  3 dart slugs
  7 leopard geckos
  34 orcs
  10 giant cockroaches
  24 goblins
  13 hobgoblins
  16 jackals
  5 quokkas
  A ball python (D:3)
  8 bats
  5 frilled lizards
  A giant cockroach zombie (D:3)
  8 kobolds
  A quokka zombie (D:4)
  9 rats
  2 fungi (Lair:2)
  2 plants (D:10)
358 creatures vanquished.

Vanquished Creatures (others)
  2 plants (D:10)
2 creatures vanquished.

Grand Total: 360 creatures vanquished

Notes
Turn   | Place    | Note
-------+----------+-------------------------------------------
     0 | D:1      | Kloppie the Formicid Fighter began the quest for the Orb.
     0 | D:1      | Reached XP level 1. HP: 18/18 MP: 1/1
   299 | D:1      | Reached XP level 2. HP: 23/24 MP: 2/2
   589 | D:1      | Reached XP level 3. HP: 29/29 MP: 3/3
   990 | D:1      | Reached skill level 3 in Axes
  1027 | D:2      | Reached XP level 4. HP: 26/35 MP: 4/4
  1090 | D:2      | Found a blossoming altar of Fedhas.
  1098 | D:2      | Reached skill level 5 in Shields
  1449 | D:2      | Noticed Robin
  1461 | D:2      | Reached XP level 5. HP: 28/41 MP: 5/5
  1465 | D:2      | Killed Robin
  1786 | D:3      | Noticed Yarinad's ghost (weakling HuAK)
  1804 | D:3      | Killed Yarinad's ghost
  1804 | D:3      | Reached skill level 4 in Axes
  1848 | D:3      | Reached XP level 6. HP: 43/47 MP: 6/6
  1967 | D:3      | Noticed an ogre
  1972 | D:3      | Killed an ogre
  2123 | D:3      | Found a glowing silver altar of Zin.
  2123 | D:3      | Found a burning altar of Makhleb.
  2124 | D:3      | Noticed a blizzard demon
  2124 | D:3      | Noticed an angel
  2181 | D:3      | Reached skill level 5 in Axes
  2181 | D:3      | Reached XP level 7. HP: 36/52 MP: 7/7
  2448 | D:3      | Found a deep blue altar of Sif Muna.
  2702 | D:4      | Noticed Menkaure
  2713 | D:4      | Killed Menkaure
  2901 | D:4      | Found a staircase to the Ecumenical Temple.
  2917 | Temple   | Entered the Ecumenical Temple
  3139 | D:3      | Became a worshipper of Makhleb the Destroyer
  3354 | D:4      | Found a faded altar of an unknown god.
  3354 | D:4      | Found a faded altar of an unknown god.
  3360 | D:4      | Found a faded altar of an unknown god.
  3362 | D:4      | Found a faded altar of an unknown god.
  3364 | D:4      | Found an iron altar of Okawaru.
  3471 | D:4      | Reached skill level 6 in Axes
  3482 | D:4      | Reached XP level 8. HP: 58/58 MP: 8/8
  3570 | D:4      | Found a radiant altar of Vehumet.
  3873 | D:5      | Entered Level 5 of the Dungeon
  4075 | D:5      | Reached skill level 7 in Axes
  4084 | D:5      | Gained mutation: You are resistant to hostile enchantments. (MR+) [potion of mutation]
  4084 | D:5      | Gained mutation: Your spells are a little harder to cast, but a little more powerful. [potion of mutation]
  4084 | D:5      | Gained mutation: You possess an exceptional clarity of mind. [potion of mutation]
  4146 | D:5      | Reached skill level 5 in Fighting
  4229 | D:5      | Reached * piety under Makhleb
  4507 | D:5      | Found an ancient bone altar of Kikubaaqudgha.
  4599 | D:5      | Reached XP level 9. HP: 68/69 MP: 9/9
  4605 | D:5      | Found a sacrificial altar of Ru.
  4968 | D:6      | Reached skill level 8 in Axes
  5043 | D:6      | Reached skill level 5 in Armour
  5060 | D:6      | Found a hide-covered altar of Uskayaw.
  5584 | D:7      | Reached skill level 9 in Axes
  5655 | D:7      | Reached ** piety under Makhleb
  5858 | D:7      | Noticed a hippogriff
  5877 | D:7      | Killed a hippogriff
  5877 | D:7      | Reached XP level 10. HP: 63/76 MP: 10/10
  6363 | D:7      | Reached skill level 10 in Axes
  6653 | D:8      | Found a stormy altar of Qazlal.
  6724 | D:8      | Found a staircase to the Lair.
  6837 | D:8      | Noticed a hill giant
  6844 | D:8      | Killed a hill giant
  6929 | D:8      | Reached skill level 10 in Shields
  7047 | D:8      | Noticed Joseph
  7073 | D:8      | Killed Joseph
  7310 | D:8      | Found a glowing silver altar of Zin.
  7466 | D:8      | Found a sparkling altar of Nemelex Xobeh.
  7797 | D:9      | Reached skill level 11 in Axes
  7860 | D:9      | Found Niaczatu's Book Boutique.
  7927 | D:9      | Reached XP level 11. HP: 78/84 MP: 11/11
  7933 | D:9      | Reached *** piety under Makhleb
  8126 | D:9      | Got a bloodstained long sword
  8127 | D:9      | Identified the +2 long sword of Defilement {freeze, rElec MR+} (You found it on level 9 of the Dungeon)
  8305 | D:10     | Entered Level 10 of the Dungeon
  8406 | D:10     | Reached skill level 12 in Axes
  8792 | D:10     | Reached **** piety under Makhleb
  8894 | D:10     | Noticed a hill giant
  8905 | D:10     | Killed a hill giant
  9045 | D:10     | Found a staircase to the Orcish Mines.
  9539 | Lair:1   | Entered Level 1 of the Lair of Beasts
  9552 | Lair:1   | Noticed a spriggan rider
  9571 | Lair:1   | Reached XP level 12. HP: 77/94 MP: 12/12
  9615 | Lair:1   | Noticed a four-headed hydra
  9630 | Lair:1   | Killed a four-headed hydra
 10023 | Lair:1   | Reached skill level 13 in Axes
 10381 | Lair:1   | Reached skill level 10 in Armour
 10884 | Lair:2   | Noticed a catoblepas
 10906 | Lair:2   | Killed a catoblepas
 11087 | Lair:2   | Noticed a six-headed hydra
 11103 | Lair:2   | HP: 4/94 [six-headed hydra (5)]
 11103 | Lair:2   | Slain by a six-headed hydra

Skill      XL: |  1  2  3  4  5  6  7  8  9 10 11 12 |
---------------+-------------------------------------+-----
Shields        | 4 5 6 7 10 | 10.0
Axes           | 3 4 5 6 7 9 11 12 13 | 13.6
Fighting       | 5 6 7 8 |  8.3
Armour         | 6 9 10 | 10.9

Action                   |  1- 3 |  4- 6 |  7- 9 | 10-12 || total
-------------------------+-------+-------+-------+-------++-------
Melee: War axe           |    80 |   190 |   346 |   590 ||  1206
       Flail             |       |       |       |    19 ||    19
  Use: Potion            |       |     4 |     5 |    11 ||    20
       Scroll            |       |       |    10 |     4 ||    14
 Stab: Petrified         |       |       |       |     5 ||     5
  Eat: Chunk             |       |     5 |    10 |    18 ||    33
       Royal jelly       |       |       |     1 |       ||     1
       Meat ration       |       |       |       |     1 ||     1
Armor: Scale mail        |    43 |     3 |       |       ||    46
       Chain mail        |       |    76 |   161 |   161 ||   398
       Plate armour      |       |       |       |   110 ||   110
Dodge: Dodged            |    32 |    57 |    76 |   169 ||   334
Block: Shield            |    48 |   120 |   180 |   379 ||   727
